 Dungeon Crawl Stone Soup version 0.31-a0-188-g5e087ee2ca (webtiles) character file.

Game seed: 11722512869648880786

37 qw the Shooter (level 3, -2/20 HPs)
             Began as a Deep Elf Hunter on June 23, 2023.
             Slain by Terence
             ... wielding a +0 trident
              (6 damage)
             ... on level 2 of the Dungeon.
             The game lasted 00:00:19 (928 turns).

qw the Shooter (Deep Elf Hunter)                     Turns: 928, Time: 00:00:20

Health: -2/20      AC:  6    Str: 10    XL:     3   Next: 21%
Magic:  5/5        EV: 20    Int: 13    God:
Gold:   63         SH:  0    Dex: 18    Spells: 2/2 levels left

rFire   + + .        Y - melded +1 shortbow
rCold   + + .        (shield currently unavailable)
rNeg    + + +        c - melded +0 leather armour
rPois   inf          (helmet currently unavailable)
rElec   +            (cloak currently unavailable)
rCorr   +            (gloves currently unavailable)
SInv    .            (boots currently unavailable)
Will    .....        (amulet currently unavailable)
Stlth   ++           (ring currently unavailable)
HPRegen 0.23/turn    (ring currently unavailable)
MPRegen 0.09/turn

%: no passive effects
@: wisp-form, flying
A: insubstantial, flying, no casting, tiny
a: no special abilities


You were on level 2 of the Dungeon.
You were an insubstantial wisp.
You visited 1 branch of the dungeon, and saw 2 of its levels.

You collected 63 gold pieces.


   Skills:
 - Level 1.5 Fighting
 + Level 6.8 Ranged Weapons
 - Level 2.4 Dodging
 - Level 1.2 Stealth


You had 2 spell levels left.
You didn't know any spells.
Your spell library was empty.

Inventory:

Hand Weapons
 Y - a +1 shortbow (melded)
Armour
 c - a +0 leather armour (melded)
 d - the +1 helmet "Xoeturhene" {rF- Int+5}
   (You acquired it on level 1 of the Dungeon)

   Int:       It affects your intelligence (+5).
   rF:        It makes you vulnerable to fire.
Scrolls
 a - a scroll of identify
Potions
 h - a potion of magic {unknown}

Dungeon Overview and Level Annotations

Branches:
Dungeon (2/15)

Altars:

Annotations:
D:2 Terence


Message History

The arrow hits Terence but does no damage.
You shoot an arrow. The arrow closely misses Terence.
You shoot an arrow.
The arrow hits Terence but does no damage.
You shoot an arrow. The arrow closely misses Terence.
Terence zaps a wand.
You resist with some effort.
You shoot an arrow. The arrow hits Terence!
Terence is heavily wounded.
Terence zaps a wand.
You resist with some effort.
You shoot an arrow. The arrow hits Terence.
Terence is severely wounded.
Terence zaps a wand.
You turn into an insubstantial wisp.
Your +1 shortbow melds into your body.
Your +0 leather armour melds into your body.
Enter note: Terence barely misses you.
Enter note:
Enter note: You touch Terence.
Terence is severely wounded.
Terence barely misses you.
You touch Terence but do no damage.
Terence is severely wounded.
Terence hits you with a +0 trident.
You touch Terence but do no damage.
Terence is severely wounded.
Terence misses you.
You touch Terence but do no damage.
Terence is severely wounded.
Terence hits you with a +0 trident.
You touch Terence.
Terence is almost dead.
Terence hits you with a +0 trident.
You touch Terence but do no damage.
Terence is almost dead.
Terence hits you with a +0 trident.
You touch Terence.
Terence is almost dead.
Terence hits you with a +0 trident.
You die...

######## ##
#......# ##.##
#.####.#
##.#.#######.####.#
#.#.............#.#
#.v.######.......##
##@## #........#
#.# #....%.... #.#
#...%...## #.#
######.## #.# #.#
#.# #.# #.# ##'##
##...##


You could see Terence.

Vanquished Creatures
  An adder (D:2)
  6 ball pythons
  6 endoplasms (D:1)
  A giant cockroach (D:1)
  A hobgoblin (D:1)
  3 quokkas
  3 frilled lizards
  2 goblins (D:1)
  4 rats (D:1)
27 creatures vanquished.

Notes
Turn   | Place    | Note
-------+----------+-------------------------------------------
     0 | D:1      | qw the Deep Elf Hunter began the quest for the Orb.
     0 | D:1      | Reached XP level 1. HP: 12/12 MP: 3/3
     0 | D:1      | 0 ||| qw: Version: 0.3-a-9-g12657ce
     0 | D:1      | 0 ||| qw: Game counter: 4278
     0 | D:1      | 0 ||| qw: Always use a shield: true
     0 | D:1      | 0 ||| qw: God list: Okawaru
     0 | D:1      | 0 ||| qw: Allow faded altars: false
     0 | D:1      | 0 ||| qw: Do Orc after D:15 true
     0 | D:1      | 0 ||| qw: Do second Lair branch before Depths: true
     0 | D:1      | 0 ||| qw: Lair rune preference: random
     0 | D:1      | 0 ||| qw: Plans: Normal
     0 | D:1      | 0 ||| PLANNING D:1-11
   105 | D:1      | Found a faded altar of an unknown god.
   250 | D:1      | Reached XP level 2. HP: 16/16 MP: 4/4
   293 | D:1      | Reached skill level 6 in Ranged Weapons
   766 | D:1      | 766 ||| READING 2 scrolls labelled IZIPTI WETTOE.
   767 | D:1      | 767 ||| READING scroll labelled DONEUC ROOF.
   768 | D:1      | 768 ||| READING scroll labelled NERHOT OCORHI.
   768 | D:1      | Identified a scroll of acquirement
   768 | D:1      | 768 ||| ACQUIRING +1 helmet "Xoeturhene" {rF- Int+5}
   768 | D:1      | Acquired the +1 helmet "Xoeturhene" {rF- Int+5}
   770 | D:1      | 770 ||| READING scroll labelled BUAVVU JEYCWET.
   771 | D:1      | 771 ||| DROPPING scroll of butterflies.
   876 | D:2      | Reached XP level 3. HP: 20/20 MP: 5/5
   913 | D:2      | Noticed Terence
   927 | D:2      | HP: 4/20 [Terence/+0 trident (4)]
   928 | D:2      | Slain by Terence

Levels and vault maps discovered:
D:1:      kennysheep_arrival_forest, layout_loops_ring,
          ebering_ecumenical_altar_hall
D:2:      layout_loops_corners, uniq_terence, uniq_natasha, uniq_sigmund

Skill      XL: |  1  2 |
---------------+-------+-----
Ranged Weapons | 6 |  6.8
Fighting       | |  1.5
Dodging        | |  2.4
Stealth        | |  1.2

Action                     || total
---------------------------++-------
  Melee: Unarmed           ||     7
   Fire: Shortbow          ||    70
    Use: Scroll            ||     4
 Armour: Leather armour    ||     3
  Dodge: Dodged            ||    11

Table legend:
 A = Non-vault XP
 B = Vault XP
 C = Vault XP percentage of total XP
 D = Non-vault monster count
 E = Vault monster count
 F = Vault count percentage of total count
                 A         B        C        D         E       F
            +---------+---------+-------+---------+---------+-------
      Total |      53 |       0 |   0.0 |      27 |       0 |   0.0
            +---------+---------+-------+---------+---------+-------
        D:1 |      33 |       0 |   0.0 |      21 |       0 |   0.0
        D:2 |      20 |       0 |   0.0 |       6 |       0 |   0.0
            +---------+---------+-------+---------+---------+-------
